 Dungeon Crawl Stone Soup version 0.29-a0-284-gf9362112df (webtiles) character file.

Game seed: 4660804718402552495

175 siradein the Bolt Thrower (level 5, -2/45 HPs)
             Began as a Draconian Hunter on Mar 18, 2022.
             Killed by divine providence
             ... invoked by an orc priest
              (14 damage)
             ... on level 5 of the Dungeon.
             The game lasted 00:09:03 (4212 turns).

siradein the Bolt Thrower (Draconian Hunter)        Turns: 4212, Time: 00:09:04

Health: -2/45      AC:  6    Str: 14    XL:     5   Next: 29%
Magic:  5/5        EV:  8    Int:  9    God:
Gold:   117        SH: 11    Dex: 16    Spells: 4/4 levels left

rFire   + + .      SeeInvis .   o - +0 hunting sling
rCold   + . .      Faith    .   t - +0 tower shield
rNeg    . . .      Spirit   .   (body armour unavailable)
rPois   .          Reflect  .   (helmet restricted)
rElec   .          Harm     .   s - scarf {rC+ rF+}
rCorr   .          Rampage  .   j - +0 pair of gloves
Will    .....                   (no boots)
Stlth   ++........              (no amulet)
HPRegen 0.15/turn               u - ring of protection from fire
MPRegen 0.09/turn               (no ring)

@: no status effects
A: AC +5, unfitting armour, cold-blooded
a: no special abilities


You were on level 5 of the Dungeon.
You visited 1 branch of the dungeon, and saw 5 of its levels.

You collected 207 gold pieces.
You spent 90 gold pieces at shops.

Inventory:

Hand Weapons
 o - a +0 hunting sling (weapon)
Armour
 j - a +0 pair of gloves (worn)
 s - a scarf of resistance (worn)
 t - a +0 tower shield (worn)
Jewellery
 u - a ring of protection from fire (left hand)
Scrolls
 b - a scroll of immolation
 d - 4 scrolls of amnesia
 h - 2 scrolls of holy word {unknown}
 i - 3 scrolls of identify {unknown}
 l - a scroll of enchant armour {unknown}
 q - a scroll of vulnerability {unknown}
 v - 2 scrolls of enchant weapon {unknown}
 w - a scroll of magic mapping {unknown}
 x - a scroll of silence {unknown}
Potions
 a - a potion of might {unknown}
 c - a potion of degeneration {unknown}
 e - 3 potions of mutation {unknown}
 g - 3 potions of attraction {unknown}
 k - a potion of heal wounds {unknown}
 m - 2 potions of curing {unknown}
 n - a potion of magic {unknown}
 p - a potion of lignification {unknown}
 r - a potion of berserk rage {unknown}
 z - a potion of ambrosia {unknown}


   Skills:
 + Level 3.6 Fighting
 * Level 1.3 Slings
 - Level 4.4 Crossbows
 + Level 3.0 Dodging
 - Level 0.8 Stealth
 + Level 0.7 Shields


You had 4 spell levels left.
You didn't know any spells.
Your spell library contained the following spells:

 Spells                   Type           Power      Damage    Failure   Level
 Beastly Appendage        Tmut           0%         N/A       100%        1
 Magic Dart               Conj           0%         1d3       100%        1
 Summon Small Mammal      Summ           0%         N/A       100%        1
 Call Imp                 Summ           0%         N/A       100%        2
 Corpse Rot               Necr/Air       0%         N/A       100%        2
 Poisonous Vapours        Pois/Air       0%         N/A       100%        2
 Wereblood                Tmut           0%         N/A       100%        2
 Call Canine Familiar     Summ           0%         N/A       100%        3
 Mephitic Cloud           Conj/Pois/Air  0%         N/A       100%        3
 Spider Form              Tmut/Pois      0%         N/A       100%        3
 Summon Guardian Golem    Hex/Summ       0%         N/A       100%        3
 Fireball                 Conj/Fire      0%         3d3       100%        5
 Starburst                Conj/Fire      0%         6d3       100%        6
 Ignition                 Fire           0%         3d3       100%        8


Dungeon Overview and Level Annotations

Branches:
Dungeon (5/15)
 Temple: D:4-7

Altars:
Nemelex Xobeh

Shops:
D:1 [


Innate Abilities, Weirdness & Mutations

Your plain brown scales are hard. (AC +5)
You cannot fit into any form of body armour.
You are cold-blooded and may be slowed by cold attacks.


Message History

You block the orc priest's attack. The orc priest hits you with a +0 whip.
You shoot a sling bullet.
The sling bullet hits the orc priest but does no damage.
The orc priest is moderately wounded.
The orc priest hits you but does no damage.
The orc priest hits you with a +0 whip.
You shoot a sling bullet.
The sling bullet hits the orc priest but does no damage.
The orc priest is moderately wounded.
The orc priest hits you with a +0 whip.
You shoot a sling bullet.
The sling bullet completely misses the orc priest.
The orc priest invokes the aid of Beogh against you.
Beogh smites you! You block the orc priest's attack.
You shoot a sling bullet. The sling bullet hits the orc priest.
The orc priest is heavily wounded.
The orc priest hits you with a +0 whip.
The orc priest hits you but does no damage.
You shoot a sling bullet.
The sling bullet hits the orc priest but does no damage.
The orc priest is heavily wounded.
The orc priest mumbles some strange prayers to Beogh against you.
Beogh smites you!
* * * LOW HITPOINT WARNING * * *
You block the orc priest's attack.
Fire: o) +0 hunting sling
Press: ? - help, Q - select action Shift-Dir - straight line, f/p - orc priest
Aim: an orc priest, wielding a +0 whip and wearing a +2 chain mail of cold resistance (heavily wounded, 65% to hit)
You shoot a sling bullet.
The sling bullet barely misses the orc priest.
The orc priest closely misses you. You block the orc priest's attack.
Fire: o) +0 hunting sling
Press: ? - help, Q - select action Shift-Dir - straight line, f/p - orc priest
Aim: an orc priest, wielding a +0 whip and wearing a +2 chain mail of cold resistance (moderately wounded, 65% to hit)
You shoot a sling bullet. The sling bullet hits the orc priest.
The orc priest is severely wounded.
You block the orc priest's attack.
The orc priest mumbles some strange prayers to Beogh against you.
Beogh smites you!
You die...

#### ..# #.#
.##########.#######.
.......@o...........
##.########.######..
........#
#######...oo#
#..##o..# ##.. ##
..o ##.# .#


You could see an orc priest.

Vanquished Creatures
  A hound (D:3)
  4 adders
  4 gnolls (D:2)
  3 dart slugs
  3 orcs
  6 endoplasms
  3 giant cockroaches
  7 goblins
  5 hobgoblins
  2 jackals (D:1)
  4 kobolds
  2 quokkas (D:2)
  4 ball pythons
  8 bats
  2 frilled lizards
  3 rats
61 creatures vanquished.

Notes
Turn   | Place    | Note
-------+----------+-------------------------------------------
     0 | D:1      | siradein the Draconian Hunter began the quest for the Orb.
     0 | D:1      | Reached XP level 1. HP: 17/17 MP: 1/1
    35 | D:1      | Found Udogukk's Antique Armour Shoppe.
   116 | D:1      | Reached XP level 2. HP: 25/25 MP: 2/2
  1024 | D:2      | Reached XP level 3. HP: 30/30 MP: 3/3
  1037 | D:2      | Found a faded altar of an unknown god.
  1129 | D:2      | Found a sparkling altar of Nemelex Xobeh.
  1164 | D:2      | Reached skill level 4 in Crossbows
  1303 | D:2      | Reached XP level 4. HP: 38/38 MP: 4/4
  2270 | D:1      | Bought a tower shield for 90 gold pieces
  3028 | D:3      | Reached skill level 1 in Slings
  3028 | D:3      | Reached XP level 5. HP: 32/45 MP: 5/5
  3217 | D:3      | HP: 2/45 [poisoned by an adder]
  4077 | D:5      | Entered Level 5 of the Dungeon
  4212 | D:5      | Killed from afar by an orc priest

Illustrated notes

Levels and vault maps discovered:
D:1:      tarquinn_simple_flora_water_a, layout_basic, serial_shops,
          shop_statue, serial_glass, glass_columns_a, glass_columns_a,
          glass_columns_c, glass_columns_a, glass_columns_a,
          grunt_decor_junction
D:2:      layout_rooms, shapermc_ecumenical_altar_totnotflames, basic_altar,
          minmay_tetromino_o4
D:3:      layout_basic, kennysheep_cluttered_room
D:4:      layout_gridville, grunt_ministairs_8
D:5:      layout_rooms, minmay_temple_entry_junction_2, patterned_corridor,
          uniq_edmund, uniq_duvessa

Skill      XL: |  1  2  3  4  5 |
---------------+----------------+-----
Dodging        | 2 3 |  3.0
Fighting       | 3 |  3.6
Crossbows      | 4 |  4.4
Slings         | 1 |  1.3
Stealth        | |  0.8
Shields        | |  0.7

Action                   |  1- 3 |  4- 6 || total
-------------------------+-------+-------++-------
 Fire: Hand crossbow     |    85 |    31 ||   116
       Hunting sling     |       |   101 ||   101
  Use: Scroll            |       |     2 ||     2
Armor: Skin              |    13 |    49 ||    62
Dodge: Dodged            |    30 |    48 ||    78
Block: Tower shield      |       |    71 ||    71

Table legend: (Time is in decaauts)
 A = Elapsed time spent in this place.
 B = Non-inter-level travel time spent in this place.
 C = Inter-level travel time spent in this place.
 D = Time resting spent in this place.
 E = Time spent auto-exploring this place.
 F = Levels seen in this place.
 G = Mean time per level.
                   A        B        C        D        E       F      G
               +--------+--------+--------+--------+--------+-----+--------+
         Total |   4335 |   4140 |    195 |    468 |   2909 |   5 |  867.0 |
       Dungeon |   4335 |   4140 |    195 |    468 |   2909 |   5 |  867.0 |
               +--------+--------+--------+--------+--------+-----+--------+

Top non-repeatable levels by time:
     D:3: 1491 daAuts
     D:1: 1128 daAuts
     D:4: 911 daAuts
     D:2: 755 daAuts
     D:5: 48 daAuts
